 Dungeon Crawl Stone Soup version 0.31-a0-361-g0f8bd3a31e (webtiles) character file.

Game seed: 10471049058333832958

307 Locuples the Chopper (level 6, -1/55 HPs)
             Began as a Minotaur Fighter on July 27, 2023.
             Slain by a gnoll
             ... wielding a +1 spear of flaming
              (4 damage)
             ... on level 4 of the Dungeon.
             The game lasted 00:05:33 (2535 turns).

Locuples the Chopper (Minotaur Fighter)             Turns: 2535, Time: 00:05:34

Health: -1/55      AC:  7    Str: 20    XL:     6   Next: 16%
Magic:  5/5        EV: 10    Int:  5    God:
Gold:   120        SH:  5    Dex: 12    Spells: 5/5 levels left

rFire   . . .        a - +0 war axe
rCold   . . .        c - +0 buckler
rNeg    . . .        u - +3 leather armour of Wasted Space {Harm}
rPois   .            (helmet restricted)
rElec   .            (no cloak)
rCorr   .            k - +0 pair of gloves
SInv    .            (no boots)
Will    .....        (no amulet)
Stlth   +            (no ring)
HPRegen 0.29/turn    (no ring)
MPRegen 0.09/turn

%: harm (+30% outgoing, +20% incoming)
@: mighty
A: horns 2, retaliatory headbutt
a: no special abilities


You were on level 4 of the Dungeon.
You visited 1 branch of the dungeon, and saw 4 of its levels.

You collected 120 gold pieces.

Inventory:

Hand Weapons
 a - a +0 war axe (weapon)
Armour
 c - a +0 buckler (worn)
 k - a +0 pair of gloves (worn)
 u - the +3 leather armour of Wasted Space (worn) {Harm}
   (You found it on level 3 of the Dungeon)

   Harm:      It increases damage dealt and taken.
Jewellery
 b - a ring of fire
Wands
 t - a wand of polymorph (14)
Scrolls
 f - a scroll of enchant armour {unknown}
 g - a scroll of noise {unknown}
 i - 2 scrolls of identify {unknown}
 j - a scroll of blinking {unknown}
 l - a scroll of fog {unknown}
 m - a scroll of silence {unknown}
 n - a scroll of poison {unknown}
 o - a scroll of fear {unknown}
 q - a scroll of vulnerability {unknown}
 s - a scroll of immolation {unknown}
Potions
 h - a potion of berserk rage {unknown}
 p - a potion of invisibility {unknown}
 r - a potion of haste {unknown}


   Skills:
 + Level 4.8 Fighting
 + Level 5.9 Axes
 + Level 4.7 Armour
 + Level 4.5 Shields


You had 5 spell levels left.
You didn't know any spells.
Your spell library contained the following spells:

 Spells                   Type           Power      Damage    Failure   Level
 Apportation              Tloc           0%         N/A       58%         1
 Necrotise                Necr           0%         1d4       58%         1
 Shock                    Conj/Air       0%         1d3       58%         1
 Summon Small Mammal      Summ           0%         N/A       58%         1
 Gell's Gravitas          Tloc           0%         N/A       92%         3
 Swiftness                Air            0%         N/A       92%         3
 Teleport Other           Tloc           0%         N/A       92%         3
 Airstrike                Air            0%         2d(0-16)  100%        4
 Dispersal                Tloc           0%         N/A       100%        6


Dungeon Overview and Level Annotations

Branches:
Dungeon (4/15)
 Temple: D:4-7

Altars:
Hepliaklqana
Uskayaw
Vehumet

Annotations:
D:4 1 runed translucent door


Innate Abilities, Weirdness & Mutations

You have a pair of horns on your head.
You reflexively headbutt those who attack you in melee.


Message History

The gnoll hits you from afar with a +0 halberd.
Found a stone staircase leading up.
The jackal bites you but does no damage.
The ogre hits you with a +0 giant club!
* * * LOW HITPOINT WARNING * * *
You slice the jackal!!
You kill the jackal!
You hit the ogre. You headbutt the ogre!
The ogre is heavily wounded.
The ogre closely misses you.
You feel better.
The gnoll hits you from afar with a +0 halberd!
* * * LOW HITPOINT WARNING * * *
The ogre barely misses you. You furiously retaliate!
You headbutt the ogre!
You kill the ogre!
You have reached level 6!
You slice the jackal!!
You kill the jackal!
The gnoll hits you from afar with a +0 halberd.
* * * LOW HITPOINT WARNING * * *
An adder comes into view.
Found a runed translucent door.
The adder hisses angrily.
The gnoll hits you from afar with a +0 halberd.
* * * LOW HITPOINT WARNING * * *
You block the gnoll's attack.
A hobgoblin comes into view.
The hobgoblin shouts!
You slash the gnoll!
You kill the gnoll!
The gnoll hits you but does no damage.
You slash the gnoll!
You kill the gnoll!
The gnoll hits you from afar with a +1 spear of flaming.
* * * LOW HITPOINT WARNING * * *
The gnoll burns you.
* * * LOW HITPOINT WARNING * * *
The gnoll barely misses you. x2
The gnoll hits you from afar with a +1 spear of flaming.
You die...

#.......+~ ..
........#. .# #
#..<....#######.##
.###g...............##
........#...........#
#......#....$.<.....
#..S...#.......g....
#.# #............ #@#
##.......)....
..#.##)###.........####
......ggg.gggg.....##
.#...##..###.###?.)...
#.. ##.# #.....#####
... #.# ..##### ##
....... .......
.........


You could see 2 gnolls, an adder and 2 hobgoblins.

Vanquished Creatures
  2 ogres
  An orc priest (D:3)
  Ijyb (D:3)
  2 gnolls (D:4)
  4 dart slugs
  4 orcs (D:3)
  8 ball pythons
  2 bats (D:1)
  6 endoplasms
  A giant cockroach (D:1)
  4 jackals (D:4)
  7 quokkas
  6 frilled lizards
  5 goblins
  7 kobolds
  11 rats
71 creatures vanquished.

Vanquished Creatures (others)
  A frilled lizard (D:1)
1 creature vanquished.

Grand Total: 72 creatures vanquished

Notes
Turn   | Place    | Note
-------+----------+-------------------------------------------
     0 | D:1      | Locuples the Minotaur Fighter began the quest for the Orb.
     0 | D:1      | Reached XP level 1. HP: 19/19 MP: 0/0
    29 | D:1      | You fall into a shaft and drop 1 floor!
    34 | D:2      | Found a radiant altar of Vehumet.
   140 | D:2      | Reached XP level 2. HP: 27/27 MP: 1/1
   569 | D:1      | Reached XP level 3. HP: 33/33 MP: 2/2
   579 | D:1      | Reached skill level 3 in Axes
  1682 | D:3      | Noticed Ijyb
  1765 | D:3      | Reached skill level 4 in Axes
  1765 | D:3      | Reached XP level 4. HP: 32/40 MP: 3/3
  1813 | D:3      | Killed Ijyb
  1872 | D:3      | Noticed an ogre
  1879 | D:3      | Killed an ogre
  1880 | D:3      | Reached skill level 5 in Axes
  1880 | D:3      | Reached XP level 5. HP: 21/47 MP: 4/4
  2057 | D:3      | Found a hide-covered altar of Uskayaw.
  2057 | D:3      | Found a hazy altar of Hepliaklqana.
  2235 | D:3      | Identified the +3 leather armour of Wasted Space {Harm}
  2521 | D:4      | Noticed an ogre
  2530 | D:4      | Killed an ogre
  2531 | D:4      | Reached XP level 6. HP: 12/55 MP: 5/5
  2532 | D:4      | Found a runed translucent door.
  2535 | D:4      | Slain by a gnoll

Illustrated notes

Levels and vault maps discovered:
D:1:      minmay_arrival_cross, layout_basic, minmay_rat_gold_closets
D:2:      layout_loops_ring, basic_altar, chequers_decorated_corner
D:3:      layout_basic, gammafunk_temple_overflow_elements, uniq_ijyb
D:4:      layout_rooms, ebering_ghost_reflecting_pool

Skill      XL: |  1  2  3  4 |
---------------+-------------+-----
Shields        | 4 |  4.5
Fighting       | 4 |  4.8
Armour         | 4 |  4.7
Axes           | 4 5 |  5.9

Action                     |  1- 3 |  4- 6 || total
---------------------------+-------+-------++-------
  Melee: War axe           |   100 |    37 ||   137
         Headbutt          |    12 |     8 ||    20
         Unarmed           |     4 |     9 ||    13
    Use: Potion            |       |     3 ||     3
 Armour: Scale mail        |    50 |     7 ||    57
         Leather armour    |       |    11 ||    11
  Dodge: Dodged            |    48 |    33 ||    81
  Block: Buckler           |    28 |    11 ||    39

Table legend: (Time is in decaauts)
 A = Elapsed time spent in this place.
 B = Non-inter-level travel time spent in this place.
 C = Inter-level travel time spent in this place.
 D = Time resting spent in this place.
 E = Time spent auto-exploring this place.
 F = Levels seen in this place.
 G = Mean time per level.
                   A        B        C        D        E       F      G
               +--------+--------+--------+--------+--------+-----+--------+
         Total |   2568 |   2493 |     75 |    104 |   1740 |   4 |  642.0 |
       Dungeon |   2568 |   2493 |     75 |    104 |   1740 |   4 |  642.0 |
               +--------+--------+--------+--------+--------+-----+--------+

Top non-repeatable levels by time:
     D:1: 1031 daAuts
     D:3: 928 daAuts
     D:2: 575 daAuts
     D:4: 32 daAuts
